 Dungeon Crawl Stone Soup version 0.26.1-11-gd32895ea62 (webtiles) character file.

Game seed: 10657795660626033331

2286 Sunmazu the Cleaver (level 9, -2/79 HPs)
             Began as a Hill Orc Fighter on May 18, 2021.
             Killed by divine providence
             ... invoked by an orc priest
              (16 damage)
             ... on level 7 of the Dungeon.
             The game lasted 00:37:10 (7705 turns).

Sunmazu the Cleaver (Hill Orc Fighter)              Turns: 7705, Time: 00:37:11

Health: -2/79      AC: 14    Str: 22    XL:     9   Next: 39%
Magic:  9/9        EV:  5    Int:  8    God:
Gold:   261        SH: 10    Dex: 10    Spells: 8/8 levels left

rFire    . . .     SeeInvis .   C - +4 war axe (freeze)
rCold    . . .     Faith    .   c - +0 kite shield
rNeg     . . .     Spirit   .   k - +1 plate armour
rPois    .         Reflect  .   y - +0 helmet
rElec    .         Harm     .   (no cloak)
rCorr    .         Rampage  .   (no gloves)
Will     +....                  (no boots)
Stlth    ..........             p - amulet of the acrobat
HPRegen  0.23/turn              i - ring of willpower
MPRegen  0.11/turn              (no ring)

@: mighty
A: no striking features
a: Convert to Beogh


You were on level 7 of the Dungeon.
You visited 1 branch of the dungeon, and saw 7 of its levels.

You collected 261 gold pieces.

Inventory:

Hand Weapons
 b - a +0 hunting sling {b}
 u - a +2 dagger of electrocution
 C - a +4 war axe of freezing (weapon)
Missiles
 q - 180 stones (quivered)
 r - 36 poisoned darts
Armour
 c - a +0 kite shield (worn)
 k - a +1 plate armour (worn)
 y - a +0 helmet (worn)
Jewellery
 i - a ring of willpower (left hand)
 p - an amulet of the acrobat (around neck)
Wands
 j - a wand of polymorph (9)
Scrolls
 d - 4 scrolls of amnesia
 f - 2 scrolls of enchant weapon
 g - 2 scrolls of remove curse
 h - 5 scrolls of teleportation
 n - a scroll of magic mapping
 s - a scroll of immolation
 t - 5 scrolls of identify
 A - a scroll of random uselessness {unknown}
Potions
 e - a potion of berserk rage
 m - a potion of flight {unknown}
 x - a potion of resistance
 z - a potion of cancellation
 B - 2 potions of ambrosia {unknown}


   Skills:
 + Level 7.1 Fighting
 + Level 1.2 Short Blades
 + Level 10.9 Axes
 + Level 0.6(0.7) Slings
 + Level 0.3(0.5) Throwing
 + Level 5.6 Armour
 + Level 1.5 Dodging
 + Level 1.2 Stealth
 + Level 6.4 Shields


You had 8 spell levels left.
You didn't know any spells.
Your spell library was empty.

Dungeon Overview and Level Annotations

Branches:
Dungeon (7/15)
 Temple: D:4-7

Altars:
Ashenzari
Kikubaaqudgha
Nemelex Xobeh
Okawaru

Annotations:
D:7 Harold


Message History

Your shield and plate armour prevent you from hitting the orc priest.
You closely miss the orc.
The orc priest shouts, "Beogh is our master!
Accept the truth or die!"
You hit the orc. You freeze the orc. You block Harold's attack.
You block the orc's attack. The orc hits you but does no damage.
The orc priest calls upon Beogh to heal the orc.
The orc's wounds heal themselves!
You slash the orc! You freeze the orc.
You kill the orc!
You closely miss the orc. You slash the orc priest! You freeze the orc priest.
The orc priest shouts, "Join the one true god or die!"
Harold hits you from afar with a +0 trident!!
* * * LOW HITPOINT WARNING * * *
You block the orc's attack. You block the orc priest's attack.
Harold hits you from afar with a +0 trident!
* * * LOW HITPOINT WARNING * * *
The orc priest hits you but does no damage.
The orc priest invokes the aid of Beogh against you.
Beogh smites you!
You die...

........... ...
........... ..
......... #..
#......# ##..
##.....#
##.>..#...).#
#.....##o@.#
.......oo#....#
.......@o#.......
..............##.
...........##..#
.......##>..##..#
....... ....##..
....... .....#.|
....... ......
.....#. .....


You could see Harold (strong), 2 orc priests and 2 orcs.

Vanquished Creatures
  The ghost of RawMediocrity the Shield-Bearer, a novice FoFi (D:4)
  A hornet (D:6)
  A sky beast (D:6)
  3 ice beasts (D:5)
  2 centaurs
  2 ogres
  2 bullfrogs
  A scorpion (D:4)
  5 wights (D:6)
  A howler monkey (D:6)
  A hound (D:4)
  2 centaur skeletons (D:6)
  2 worker ants (D:5)
  4 orc wizards
  A killer bee zombie (D:6)
  Robin (D:4)
  7 adders
  4 gnolls (D:3)
  3 white imps
  An ufetubus (D:4)
  2 oozes
  6 worms
  13 dart slugs
  6 leopard geckos
  13 orcs
  3 giant cockroaches
  9 goblins
  11 hobgoblins
  3 jackals (D:3)
  3 quokkas (D:4)
  15 bats
  8 frilled lizards
  7 kobolds
  2 leopard gecko skeletons
  6 rats
  2 bushes (D:4)
154 creatures vanquished.

Vanquished Creatures (others)
  11 plants (D:4)
  2 withered plants (D:4)
13 creatures vanquished.

Grand Total: 167 creatures vanquished

Notes
Turn   | Place    | Note
-------+----------+-------------------------------------------
     0 | D:1      | Sunmazu the Hill Orc Fighter began the quest for the Orb.
     0 | D:1      | Reached XP level 1. HP: 19/19 MP: 1/1
   382 | D:1      | Reached XP level 2. HP: 27/27 MP: 2/2
   767 | D:1      | Reached skill level 3 in Axes
   965 | D:1      | Found a broken altar of Ashenzari.
  1165 | D:1      | Reached XP level 3. HP: 33/33 MP: 3/3
  1478 | D:2      | Found an iron altar of Okawaru.
  2054 | D:2      | Reached XP level 4. HP: 40/40 MP: 4/4
  2782 | D:3      | Reached skill level 1 in Dodging
  3002 | D:3      | Reached skill level 4 in Axes
  3257 | D:3      | Reached XP level 5. HP: 40/47 MP: 5/5
  3469 | D:3      | Reached skill level 1 in Stealth
  3734 | D:4      | Reached skill level 5 in Axes
  3746 | D:4      | Reached XP level 6. HP: 45/53 MP: 6/6
  3960 | D:4      | Reached skill level 6 in Axes
  4151 | D:4      | Reached XP level 7. HP: 57/60 MP: 7/7
  4364 | D:4      | Found a runed translucent door.
  4364 | D:4      | Noticed RawMediocrity's ghost (novice FoFi)
  4406 | D:4      | Killed RawMediocrity's ghost
  4407 | D:4      | Reached skill level 5 in Fighting
  4407 | D:4      | Reached skill level 8 in Axes
  4407 | D:4      | Reached skill level 5 in Shields
  4407 | D:4      | Reached XP level 8. HP: 27/69 MP: 8/8
  4822 | D:4      | Noticed Robin
  4839 | D:4      | Killed Robin
  5439 | D:5      | Entered Level 5 of the Dungeon
  5779 | D:5      | Reached skill level 9 in Axes
  5779 | D:5      | Reached skill level 5 in Armour
  6012 | D:5      | Reached skill level 1 in Short Blades
  6089 | D:5      | Found a sparkling altar of Nemelex Xobeh.
  6712 | D:6      | Reached skill level 10 in Axes
  6719 | D:6      | Reached XP level 9. HP: 55/75 MP: 9/9
  6905 | D:6      | Noticed a hornet
  6921 | D:6      | Killed a hornet
  7556 | D:6      | Found an ancient bone altar of Kikubaaqudgha.
  7685 | D:7      | Noticed Harold
  7705 | D:7      | Killed from afar by an orc priest

Illustrated notes

Levels and vault maps discovered:
D:1:      lightli_arrival_boilingwater, layout_basic, evilmike_ruin_ashenzari
D:2:      layout_basic, okawaru_ov_weapons_minmay, hex_intersection,
          minivault_23
D:3:      layout_loops_ring, columned_hall_lemuel
D:4:      kennysheep_slugbush, layout_loops_ring, serial_forest,
          infiniplex_forest_lined_2, infiniplex_forest_clump_cross,
          infiniplex_forest_clump_C, infiniplex_forest_clump_curved,
          infiniplex_forest_clump_diagonal, gammafunk_ghost_grave, uniq_robin
D:5:      layout_loops_corners, overflow_temple_1_default
D:6:      layout_rooms, kennysheep_mini
D:7:      layout_cave_pools, general_overflow_altar, minmay_temple_entry_waves,
          gammafunk_ghost_smash, uniq_harold

Skill      XL: |  1  2  3  4  5  6  7  8  9 |
---------------+----------------------------+-----
Fighting       | 4 5 6 7 |  7.1
Axes           | 3 4 5 6 8 10 | 10.9
Dodging        | 1 |  1.5
Stealth        | 1 |  1.2
Shields        | 4 5 6 |  6.4
Armour         | 4 5 |  5.6
Short Blades   | 1 |  1.2
Slings         | |  0.6
Throwing       | |  0.3

Action                   |  1- 3 |  4- 6 |  7- 9 || total
-------------------------+-------+-------+-------++-------
Melee: War axe           |   125 |   208 |   211 ||   544
       Dagger            |       |       |    19 ||    19
 Fire: Hunting sling     |       |    36 |       ||    36
Throw: Stone             |    13 |       |       ||    13
  Use: Potion            |     1 |    10 |     5 ||    16
       Scroll            |       |     7 |     3 ||    10
Armor: Scale mail        |    62 |       |       ||    62
       Leather armour    |     1 |    22 |       ||    23
       Plate armour      |       |    83 |   108 ||   191
Dodge: Dodged            |    39 |    61 |    44 ||   144
Block: Kite shield       |    58 |    95 |   101 ||   254
